 Dungeon Crawl Stone Soup version 0.27.1-3-gb3d3a73c9e (webtiles) character file.

Game seed: 16875919935166704398

761 ANNNA the Magician (level 7, -8/37 HPs)
             Began as a Deep Elf Venom Mage on Oct 22, 2021.
             Killed from afar by an orc wizard (22 damage)
             ... with a bolt of acid
             ... on level 4 of the Dungeon.
             The game lasted 00:17:56 (7217 turns).

ANNNA the Magician (Deep Elf Venom Mage)            Turns: 7217, Time: 00:17:57

Health: -8/37      AC:  0    Str:  7    XL:     7   Next: 51%
Magic:  15/19      EV: 13    Int: 20    God:
Gold:   95         SH:  0    Dex: 15    Spells: 10/20 levels left

rFire    x . .     SeeInvis .   q - +1 dagger (venom)
rCold    + . .     Faith    .   (no shield)
rNeg     . . .     Spirit   .   a - +0 robe
rPois    .         Reflect  .   b - +0 helmet
rElec    .         Harm     .   (no cloak)
rCorr    .         Rampage  .   p - +0 pair of gloves
Will     .....                  (no boots)
Stlth    ++........             (no amulet)
HPRegen  0.12/turn              d - +4 ring of slaying
MPRegen  0.16/turn              j - ring of ice

@: radiating poison, corroded
A: no striking features
a: no special abilities


You were on level 4 of the Dungeon.
You visited 1 branch of the dungeon, and saw 5 of its levels.
You also visited: Sewer.

You collected 164 gold pieces.
You spent 69 gold pieces at shops.

Inventory:

Hand Weapons
 q - a +1 dagger of venom (weapon)
Missiles
 c - 89 stones
 g - 6 atropa-tipped darts
 r - 23 poisoned darts (quivered)
 v - a curare-tipped dart
 B - 6 silver javelins
Armour
 a - a +0 robe (worn)
 b - a +0 helmet (worn)
 p - a +0 pair of gloves (worn)
Jewellery
 d - a +4 ring of slaying (left hand)
 j - a ring of ice (right hand)
Scrolls
 f - a scroll of enchant armour {unknown}
 h - 4 scrolls of identify
 i - 2 scrolls of amnesia {unknown}
 k - 5 scrolls of teleportation
 l - a scroll of blinking {unknown}
 m - a scroll of fear {unknown}
 o - a scroll of immolation {unknown}
 x - a scroll of brand weapon {unknown}
 y - a scroll of enchant weapon {unknown}
Potions
 e - 4 potions of magic
 n - a potion of invisibility
 s - a potion of lignification {unknown}
 t - a potion of attraction {unknown}
 u - a potion of might {unknown}
 w - a potion of experience {unknown}
 z - a potion of cancellation {unknown}
 A - 2 potions of resistance {unknown}
 C - a potion of mutation {unknown}


   Skills:
 + Level 0.3 Fighting
 + Level 2.3 Short Blades
 + Level 0.1 Throwing
 + Level 3.0 Dodging
 + Level 2.9 Stealth
 + Level 7.1 Spellcasting
 + Level 3.1 Transmutations
 + Level 2.2 Air Magic
 + Level 5.7 Poison Magic


You had 10 spell levels left.
You knew the following spells:

 Your Spells              Type           Power      Damage    Failure   Level
a - Sting                 Tmut/Pois      100%       1d8       1%          1
b - Poisonous Vapours     Pois/Air       46%        N/A       2%          2
c - Mephitic Cloud        Conj/Pois/Air  17%        N/A       10%         3
d - Olgreb's Toxic Radia  Pois           30%        N/A       9%          4

Your spell library contained the following spells:

 Spells                   Type           Power      Damage    Failure   Level
 Corpse Rot               Necr/Air       N/A        N/A       9%          2
 Dispel Undead            Necr           7%         3d8       67%         4
 Death Channel            Necr           3%         N/A       100%        6


Dungeon Overview and Level Annotations

Branches:
Dungeon (5/15)              Sewer (visited)
 Temple: D:4-7

Altars:
Fedhas
The Shining One

Shops:
D:2 *   D:4 ?


Message History

Aiming: Sting (safe; 1% risk of failure)
Press: ? - help, Shift-Dir - straight line, f/p - endoplasm
Aim: an endoplasm (lightly wounded, poisoned, 98% to hit)
The sting hits the endoplasm.
The endoplasm looks even sicker.
The endoplasm is moderately wounded.
Casting: Sting (safe; 1% risk of failure)
Confirm with . or Enter, or press ? or * to list all spells.
Aiming: Sting (safe; 1% risk of failure)
Press: ? - help, Shift-Dir - straight line, f/p - endoplasm
Aim: an endoplasm (heavily wounded, very poisoned, 98% to hit)
The sting hits the endoplasm.
The endoplasm partially resists.
The endoplasm looks even sicker.
You kill the endoplasm!
g - 6 atropa-tipped darts (gained 1) Magic restored.
Things that are here:
a +0 ring mail; a hobgoblin corpse
Things that are here:
14 bolts; a +0 leather armour
Found a book of Necromancy.
There is an open door here.
The orc wizard shouts!
The orc shouts!
The orc wizard zaps a wand.
The bolt of acid hits you! The acid corrodes you!
You are splashed with acid.
The orc wizard shouts!
The orc wizard gestures wildly while chanting.
The orc wizard flickers and vanishes!
Deactivating autopickup; reactivate with Ctrl-A.
The goblin drinks a potion.
The goblin flickers and vanishes!
Press: ? - help, v - describe, . - travel The floor.
Casting: Sting (safe; 1% risk of failure)
Confirm with . or Enter, or press ? or * to list all spells.
The spell is quite dangerous to cast (9% risk of failure)!
Continue anyway?
You begin to radiate toxic energy.
The orc is poisoned.
The orc wizard is poisoned.
The orc looks even sicker.
The orc wizard zaps a wand.
The bolt of acid hits you!!
Ouch! That really hurt!
You die...

,,,,,,,,,,,,,,,,,* *****
,,,,,,,,,........# #...#
,,,,,***,........###...########
,,,,,***,....{...##....##.....###
,,,,,,,,,........##....##.....##.
,,*+****,....o...##....##.....##.
*,*,* *,.......o##....##.....##.
,,,,****,.......:##....##.....##.
,,,,,,,,,.......@......'.........
,,,,*****####.######...####......
,,,,* *,* ##'## #...... ,,,,* *,*
####..#####...... ,,,,*
*,**#.....#.......... ,,,,*
*,,,#≈≈≈..#.###...... **,,*
*,,,#≈≈≈≈.#.# #...[.. **,,*
#...#≈≈≈≈≈..###...... ,**,*******
#...#.rn≈≈...........


You could see an orc wizard (poisoned) and an orc (very poisoned).

Vanquished Creatures
  A black bear (D:4)
  A necrophage (D:5)
  3 kobold brigands (Sewer)
  A scorpion (D:5)
  A howler monkey (D:4)
  A jelly (D:4)
  An orc priest (D:4)
  3 orc wizards (D:4)
  A hound skeleton (D:4)
  3 adders
  A worm (D:2)
  2 dart slugs
  5 orcs
  5 ball pythons
  12 endoplasms
  6 giant cockroaches
  9 goblins
  12 hobgoblins
  2 quokkas (D:1)
  7 bats
  4 frilled lizards
  21 kobolds
  9 rats
111 creatures vanquished.

Vanquished Creatures (others)
  3 plants (Sewer)
3 creatures vanquished.

Grand Total: 114 creatures vanquished

Notes
Turn   | Place    | Note
-------+----------+-------------------------------------------
     0 | D:1      | ANNNA the Deep Elf Venom Mage began the quest for the Orb.
     0 | D:1      | Reached XP level 1. HP: 10/10 MP: 6/6
   715 | D:1      | Reached XP level 2. HP: 9/15 MP: 5/8
   740 | D:1      | Learned a level 2 spell: Poisonous Vapours
  1970 | D:2      | Reached XP level 3. HP: 19/19 MP: 6/10
  1974 | D:2      | Learned a level 3 spell: Mephitic Cloud
  2575 | D:2      | Found Sijuebul's General Store.
  2580 | D:2      | Bought a scroll of identify for 24 gold pieces
  2590 | D:2      | Reached skill level 4 in Spellcasting
  3568 | D:3      | Found a blossoming altar of Fedhas.
  3604 | D:3      | Reached XP level 4. HP: 21/24 MP: 6/12
  3847 | D:3      | Found a faded altar of an unknown god.
  3895 | D:3      | Found a glowing golden altar of the Shining One.
  4238 | D:4      | Reached skill level 1 in Air Magic
  4351 | D:4      | Found Kasil's Magic Scroll Shoppe.
  4362 | D:4      | Bought a scroll of magic mapping for 45 gold pieces
  4403 | D:4      | Noticed a necrophage
  4404 | D:4      | Found a glowing drain.
  4416 | Sewer    | Entered a sewer
  4614 | Sewer    | Noticed a kobold brigand
  4625 | Sewer    | Killed a kobold brigand
  4626 | Sewer    | Reached skill level 1 in Short Blades
  4626 | Sewer    | Reached skill level 5 in Spellcasting
  4626 | Sewer    | Reached XP level 5. HP: 7/28 MP: 1/14
  4962 | Sewer    | Learned a level 4 spell: Olgreb's Toxic Radiance
  4981 | Sewer    | Reached XP level 6. HP: 32/32 MP: 5/16
  5507 | D:4      | Reached skill level 6 in Spellcasting
  5514 | D:4      | Reached skill level 5 in Poison Magic
  5746 | D:5      | Entered Level 5 of the Dungeon
  5906 | D:5      | Reached XP level 7. HP: 7/36 MP: 15/18
  6949 | D:4      | Reached skill level 7 in Spellcasting
  7217 | D:4      | Killed from afar by an orc wizard

Illustrated notes

Levels and vault maps discovered:
D:1:      dpeg_arrival_castle, layout_basic
D:2:      layout_loops_ring, serial_shops, shop
D:3:      layout_rooms, nicolae_overflow_hidden_temple,
          shapermc_ecumenical_altar_hornbeckon, chequers_arboretum,
          due_unseen_surprise
D:4:      cheibrodos_greedy_goblins, layout_basic, serial_shops,
          nicolae_shop_waterfront, portal_sewer_entry_b
D:5:      layout_gridville, minmay_temple_entry_stoned_glass, serial_shops,
          shop, uniq_edmund, uniq_blork_the_orc

Skill      XL: |  1  2  3  4  5  6  7 |
---------------+----------------------+-----
Spellcasting   | 4 5 6 7 |  7.1
Transmutations | 2 3 |  3.1
Poison Magic   | 4 5 |  5.7
Air Magic      | 1 2 |  2.2
Short Blades   | 1 2 |  2.3
Dodging        | 3 |  3.0
Fighting       | |  0.3
Throwing       | |  0.1
Stealth        | |  2.9

Action                   |  1- 3 |  4- 6 |  7- 9 || total
-------------------------+-------+-------+-------++-------
Melee: Short sword       |    20 |       |       ||    20
       Dagger            |       |    34 |    16 ||    50
Throw: Dart              |       |     3 |     1 ||     4
 Cast: Sting             |    38 |    55 |    23 ||   116
       Poisonous Vapours |    57 |    28 |    12 ||    97
       Olgreb's Toxic Ra |       |     6 |     3 ||     9
       Mephitic Cloud    |       |       |     1 ||     1
  Use: Scroll            |       |     5 |       ||     5
 Stab: Sleeping          |     2 |       |       ||     2
Armor: Robe              |     4 |    19 |    12 ||    35
Dodge: Dodged            |    18 |    42 |    17 ||    77
